 Dungeon Crawl Stone Soup version 0.23.2-30-g0e89c35649 (webtiles) character file.

Game seed: 6553806695498413419

49 HASTUR3 the Sneak (level 3, -1/16 HPs)
             Began as a Vine Stalker Enchanter on June 21, 2019.
             Slain by an adder (2 damage)
             ... on level 2 of the Dungeon.
             The game lasted 00:07:24 (1238 turns).

HASTUR3 the Sneak (Vine Stalker Enchanter)          Turns: 1238, Time: 00:07:24

Health: -1/16      AC:  2    Str: 10    XL:     3   Next: 75%
Magic:  0/8        EV: 12    Int: 16    God:
Gold:   83         SH:  0    Dex: 14    Spells: 2/8 levels left

rFire    . . .     SeeInvis .   a - +1 dagger
rCold    . . .     Gourm    .   (no shield)
rNeg     . . .     Faith    .   b - +0 robe
rPois    .         Spirit   +   (no helmet)
rElec    .         Reflect  .   (no cloak)
rCorr    .         Harm     .   (no gloves)
MR       .....                  (no boots)
Stlth    +++.......             (no amulet)
HPRegen  0.05/turn              (no ring)
MPRegen  0.11/turn              (no ring)

@: very slightly contaminated
A: fangs 2, magic shield, antimagic bite, no potion heal 3, rot immunity
a: no special abilities


You were on level 2 of the Dungeon.
You were not hungry.

You visited 1 branch of the dungeon, and saw 2 of its levels.

You collected 83 gold pieces.

Inventory:

Hand Weapons
 a - a +1 dagger (weapon)
Armour
 b - a +0 robe (worn)
Jewellery
 i - a cursed ring of attention {unknown}
Scrolls
 e - a scroll of magic mapping {unknown}
 f - 2 scrolls of enchant weapon {unknown}
 g - 2 scrolls of identify {unknown}
 h - a scroll of teleportation {unknown}
Comestibles
 d - a ration


   Skills:
 - Level 0.8 Short Blades
 - Level 1.5 Dodging
 * Level 4.1 Stealth
 - Level 3.0 Spellcasting
 * Level 3.0 Hexes
 + Level 2.0 Ice Magic


You had 2 spell levels left.
You knew the following spells:

 Your Spells              Type           Power        Failure   Level  Hunger
a - Corona                Hex            ##.....      5%          1    #......
b - Ensorcelled Hibernat  Hex/Ice        ##....       10%         2    ##.....
c - Confuse               Hex            ##......     16%         3    ###....

Your spell library contained the following spells:

 Spells                   Type           Power        Failure   Level  Hunger
 Tukima's Dance           Hex            ##......     16%         3    ###....
 Dazzling Spray           Conj/Hex       #.....       30%         3    ###....


Dungeon Overview and Level Annotations

Branches:
Dungeon (2/15)

Altars:


Innate Abilities, Weirdness & Mutations

You have extremely sharp teeth.
When hurt, damage is shared between your health and your magic reserves.
Your bite disrupts and absorbs the magic of your enemies.
Potions cannot restore your health.
You are immune to rotting.


Message History

The bat barely misses you. The adder bites you.
You are poisoned.
The adder poisons you!
You hit the adder. Your bite misses the adder.
The adder is lightly wounded.
You feel sick. The bat hits you. The adder closely misses you.
The bat hits you. The adder bites you.
* * * LOW HITPOINT WARNING * * *
It was a potion of curing.
Your system rejects the healing.
You feel better. The bat barely misses you. The adder misses you.
The bat misses you. The adder closely misses you.
The bat hits you but does no damage. The adder bites you.
* * * LOW HITPOINT WARNING * * *
You are lethally poisoned!
The adder poisons you!
Your system rejects the healing.
You feel better. The adder closely misses you. The adder bites you.
You die...

...........†#
............##≈.
.................
...####.####...♣.
#.# #....
#.######≈..♣
####b#....#≈≈..
#..S......###..
#..@##.....##.
#...###+#####.
#.[.....# #.#####
#...##### #.....#
######...#
#.....#
#........#
#.....#
#........#
#.....#
#.......##
#.....# #.......#
###.....#


You could see an adder and a bat.

Vanquished Creatures
  2 oozes (D:1)
  4 giant cockroaches (D:1)
  5 goblins (D:1)
  5 hobgoblins (D:1)
  4 jackals (D:2)
  2 bats (D:1)
  3 frilled lizards (D:1)
  7 kobolds
  5 rats (D:1)
37 creatures vanquished.

Notes
Turn   | Place    | Note
-------+----------+-------------------------------------------
     0 | D:1      | HASTUR3 the Vine Stalker Enchanter began the quest for the
                  | Orb.
     0 | D:1      | Reached XP level 1. HP: 9/9 MP: 4/4
   113 | D:1      | Reached skill level 4 in Stealth
   179 | D:1      | Reached XP level 2. HP: 13/13 MP: 4/6
   320 | D:1      | Learned a level 2 spell: Ensorcelled Hibernation
   546 | D:1      | Reached skill level 1 in Ice Magic
   583 | D:1      | Reached XP level 3. HP: 16/16 MP: 4/8
  1116 | D:2      | Learned a level 3 spell: Confuse
  1238 | D:2      | Slain by an adder

Skill      XL: |  1  2  3 |
---------------+----------+-----
Stealth        | 4 |  4.1
Spellcasting   | 3 |  3.0
Ice Magic      | 1 2 |  2.0
Short Blades   | |  0.8
Dodging        | |  1.5
Hexes          | |  3.0

Action                   || total
-------------------------++-------
Melee: Dagger            ||   102
       Bite              ||    15
 Cast: Ensorcelled Hiber ||    13
       Corona            ||     2
  Use: Potion            ||     2
 Stab: Sleeping          ||    12
       Distracted        ||     1
  Eat: Chunk             ||     2
Armor: Robe              ||    14
Dodge: Dodged            ||    78
